 Dungeon Crawl Stone Soup version 0.27-a0-1136-g0b992a5a9d (webtiles) character file.

Game seed: 1485584681844394249

2941 1player the Thaumaturge (level 9, -6/63 HPs)
             Began as a Djinni Ice Elementalist on May 5, 2021.
             Shot with an arrow by a centaur warrior (28 damage)
             ... on level 8 of the Dungeon.
             The game lasted 00:24:11 (11434 turns).

1player the Thaumaturge (Djinni Ice Elementalist)  Turns: 11434, Time: 00:24:12

Health: -6/63      AC:  9    Str:  7    XL:     9   Next: 80%
Gold:   371        EV: 11    Int: 26    God:
                   SH:  0    Dex: 14

rFire    + + .     SeeInvis .   m - +3 dagger (venom)
rCold    x . .     Faith    .   (no shield)
rNeg     . . .     Spirit   .   F - +0 ring mail "Cuhivom" {Int+6}
rPois    ∞         Reflect  .   J - +1 helmet
rElec    .         Harm     .   (no cloak)
rCorr    +         Rampage  .   k - +1 pair of gloves
Will     .....                  (boots unavailable)
Stlth    +.........             v - amulet of the acrobat
HPRegen  0.20/turn              A - ring of resist corrosion
MPRegen  0.00/turn              (no ring)

@: flying
A: sickness immunity, fire resistance 2, cold vulnerability 1, float, innate
caster, hp casting, extra vitality 1
a: no special abilities


You were on level 8 of the Dungeon.
You visited 2 branches of the dungeon, and saw 9 of its levels.
You also visited: Ossuary.

You collected 562 gold pieces.
You spent 191 gold pieces at shops.

Inventory:

Hand Weapons
 m - a +3 dagger of venom (weapon)
Missiles
 i - 5 atropa-tipped darts
 p - 6 throwing nets
Armour
 k - a +1 pair of gloves (worn)
 w - a +0 kite shield
 F - the +0 ring mail "Cuhivom" (worn) {Int+6}
   (You found it on level 7 of the Dungeon)

   It affects your intelligence (+6).
 J - a +1 helmet (worn)
Magical Staves
 h - a staff of conjuration
Jewellery
 v - an amulet of the acrobat (around neck)
 A - a ring of resist corrosion (left hand)
Wands
 l - a wand of flame (25)
Scrolls
 f - 2 scrolls of enchant weapon
 y - 2 scrolls of teleportation
 C - a scroll of fear
 D - a scroll of summoning
 I - a scroll of immolation
 L - a scroll of vulnerability
Potions
 g - 3 potions of lignification
 n - 8 potions of curing {@q1}
 o - a potion of might
 r - 2 potions of invisibility
 s - 2 potions of attraction
 x - 2 potions of heal wounds {@q2}
 G - 2 potions of mutation {!q}
 H - 2 potions of berserk rage
Miscellaneous
 u - a piece from Xom's chessboard (15/15)


   Skills:
 + Level 4.6 Fighting
 - Level 3.0 Armour
 - Level 6.3 Dodging
 - Level 1.5 Stealth
 * Level 4.1 Shields
 - Level 9.0 Spellcasting


You had one spell level left.
You knew the following spells:

 Your Spells              Type           Power      Damage    Failure   Level
a - Ozocubu's Armour      Ice            55%        N/A       1%          3
b - Spider Form           Tmut/Pois      27%        N/A       1%          3
d - Metabolic Englaciati  Hex/Ice        27%        N/A       11%         5
f - Teleport Other        Tloc           55%        N/A       1%          3
q - Shock                 Conj/Air       100%       1d9       1%          1
s - Ensorcelled Hibernat  Hex/Ice        100%       N/A       1%          2
w - Freeze                Ice            100%       1d11      1%          1
x - Hailstorm             Conj/Ice       55%        3d12      4%          4
z - Frozen Ramparts       Ice            100%       1d12      1%          3
Your spell library was empty.

Dungeon Overview and Level Annotations

Branches:
Dungeon (8/15)             Temple (1/1) D:5         Ossuary (visited)
   Lair: D:8-11

Altars:
Ashenzari
Cheibriados
Dithmenos
Fedhas
Gozag
Hepliaklqana
Kikubaaqudgha
Nemelex Xobeh
Okawaru
Qazlal
Ru
Sif Muna
Trog
Uskayaw
Vehumet
Wu Jian
Xom
Yredelemnul

Shops:
D:2 :   D:4 *   D:5 !


Innate Abilities, Weirdness & Mutations

You are immune to sickness and miasma.
You are immune to poison.
Your flesh is very heat resistant. (rF++)
You are vulnerable to cold. (rC-)
You float through the air rather than walking.
You learn spells naturally, not from books.
Your magical power is your life essence.
You have superior vitality. (+4 HP)


Message History

* * * LOW HITPOINT WARNING * * *
The wyvern zombie completely resists.
The wall freezes the wyvern zombie but does no damage.
The wyvern zombie bites you but does no damage.
You hit the wyvern zombie.
The wyvern zombie is almost destroyed.
The wyvern zombie resists.
The wall freezes the wyvern zombie.
The wyvern zombie closely misses you.
You hit the wyvern zombie.
You destroy the wyvern zombie!
Your Shields skill increases to level 4!
Your icy armour cracks and falls away as you move.
The frozen ramparts melt away as you move.
There is a stone staircase leading up here.
You start resting.
HP restored.
Unknown command.
H - 2 potions of berserk rage (gained 1)
There is a stone staircase leading up here.
Things that are here:
18 arrows; a +0 shortbow A centaur warrior comes into view.
It is wielding a +0 hand axe.
The centaur warrior shouts!
The centaur warrior unwields a +0 hand axe.
The centaur warrior wields a +1 vorpal longbow.
The centaur warrior shoots an arrow.
The arrow completely misses you.
Casting: Ozocubu's Armour (safe; 1% risk of failure)
Confirm with . or Enter, or press ? or * to list all spells.
Aiming: Teleport Other (safe; 1% risk of failure)
Press: ? - help, Shift-Dir - straight line, f - centaur warrior
Aim: a centaur warrior, wielding a +1 vorpal longbow and quivering arrows (chance to affect: 69%)
The centaur warrior looks slightly unstable.
Casting: Teleport Other (safe; 1% risk of failure)
Confirm with . or Enter, or press ? or * to list all spells.
Aiming: Teleport Other (safe; 1% risk of failure)
Press: ? - help, Shift-Dir - straight line, f/p - centaur warrior
Aim: a centaur warrior, wielding a +1 vorpal longbow and quivering arrows (chance to affect: 69%)
The centaur warrior seems more stable.
The centaur warrior shoots an arrow.
The arrow hits you!!
The centaur warrior shoots an arrow.
The arrow hits you!!
You die...

....... #.# .......
#.# ##... ## #.# #...
#. #.# #... #c #.#
####... #. #.#
#...... #.#.#####.#
#.##...
#...@.....#####.##...
#....................
##.........##.#.##...
#..#....#.##.#.##...
#............#.##...
#.........÷.<#.#####
#..#####....(#.# ...
...........#
..##########


You could see a centaur warrior.

Vanquished Creatures
  Grinder (D:4)
  3 water moccasins
  An orc warrior (D:6)
  An ice beast (D:6)
  A black bear (D:6)
  2 ogres
  A necrophage (D:5)
  A centaur (D:8)
  A phantom (D:5)
  A bullfrog (D:7)
  A gnoll sergeant (D:7)
  2 wyvern zombies
  5 scorpions
  A water moccasin skeleton (D:5)
  4 wights (D:6)
  3 jellies
  3 orc priests
  A bullfrog zombie (D:7)
  2 hounds (D:4)
  2 centaur skeletons (D:6)
  A gnoll shaman (D:7)
  2 orc wizards
  Ijyb (D:4)
  An iguana (D:7)
  A killer bee zombie (D:7)
  8 mummies (Ossuary)
  Robin (D:4)
  19 gnolls
  2 howler monkey skeletons (D:5)
  5 adders
  A shadow imp (D:6)
  An ufetubus (D:4)
  A worm (D:5)
  A dart slug (D:4)
  36 orcs
  6 ball pythons
  5 bats
  7 endoplasms
  3 giant cockroaches
  3 gnoll zombies (Ossuary)
  15 goblins
  8 hobgoblins
  6 jackals
  8 kobolds
  2 quokkas (D:2)
  3 frilled lizards
  2 hobgoblin zombies (Ossuary)
  3 kobold zombies (Ossuary)
  6 rats
  A butterfly (D:5)
196 creatures vanquished.

Notes
Turn   | Place    | Note
-------+----------+-------------------------------------------
     0 | D:1      | 1player the Djinni Ice Elementalist began the quest for the
                  | Orb.
     0 | D:1      | Reached XP level 1. HP: 15/15 MP: 0/0
    27 | D:1      | Found a faded altar of an unknown god.
   334 | D:1      | Reached XP level 2. HP: 19/21 MP: 0/0
   380 | D:1      | Reached skill level 4 in Spellcasting
  1531 | D:2      | Found Ogazxead's Book Shoppe.
  1540 | D:1      | Reached XP level 3. HP: 19/26 MP: 0/0
  1540 | D:1      | Learned a level 1 spell: Shock
  1637 | D:2      | Reached skill level 1 in Fighting
  2099 | D:2      | Reached XP level 4. HP: 24/32 MP: 0/0
  2511 | D:3      | Noticed a water moccasin
  3025 | D:3      | Killed a water moccasin
  3026 | D:3      | Reached skill level 5 in Spellcasting
  3026 | D:3      | Reached XP level 5. HP: 23/39 MP: 0/0
  3026 | D:3      | Learned a level 2 spell: Ensorcelled Hibernation
  3171 | D:3      | Reached XP level 6. HP: 40/45 MP: 0/0
  4005 | D:4      | HP: 2/46 [phantom (5)]
  4043 | D:4      | HP: 1/46 [phantom (5)]
  4570 | D:4      | Reached skill level 1 in Armour
  4570 | D:4      | Reached skill level 6 in Spellcasting
  4641 | D:4      | Noticed Ijyb
  4647 | D:4      | Killed Ijyb
  4663 | D:4      | Noticed Grinder
  4716 | D:4      | Killed Grinder
  4717 | D:4      | Reached XP level 7. HP: 33/50 MP: 0/0
  4717 | D:4      | Learned a level 3 spell: Teleport Other
  5148 | D:4      | Noticed Robin
  5152 | D:4      | Killed Robin
  5416 | D:4      | Found Tuaghi's Assorted Antiques.
  5440 | D:4      | Bought a smoky dark potion for 25 gold pieces
  5440 | D:4      | Bought an inky potion for 25 gold pieces
  5440 | D:4      | Bought a sedimented puce potion for 25 gold pieces
  5440 | D:4      | Bought a scroll of identify for 56 gold pieces
  5759 | D:5      | Entered Level 5 of the Dungeon
  5841 | D:5      | Reached XP level 8. HP: 39/56 MP: 0/0
  6098 | D:5      | Found an ornate altar of the Wu Jian Council.
  6338 | D:5      | Reached skill level 5 in Dodging
  6338 | D:5      | Reached skill level 7 in Spellcasting
  6557 | D:5      | Found a shimmering altar of Xom.
  6798 | D:5      | Found a staircase to the Ecumenical Temple.
  6804 | Temple   | Entered the Ecumenical Temple
  6942 | D:5      | Found Ceoshaiv's Distillery.
  7010 | D:5      | Bought a potion of heal wounds for 60 gold pieces
  7168 | D:5      | Found a blossoming altar of Fedhas.
  7598 | D:6      | Reached skill level 8 in Spellcasting
  7838 | D:6      | Found a shadowy altar of Dithmenos.
  7953 | D:6      | Reached XP level 9. HP: 51/60 MP: 0/0
  7953 | D:6      | Learned a level 3 spell: Spider Form
  8884 | D:7      | Identified the +0 ring mail "Cuhivom" {Int+6}
  8940 | D:7      | Found a sand-covered staircase.
  8951 | D:7      | Reached skill level 9 in Spellcasting
  9115 | Ossuary  | Entered an ossuary
  9753 | D:6      | Reached skill level 1 in Shields
 11432 | D:8      | Noticed a centaur warrior
 11434 | D:8      | Shot with an arrow by a centaur warrior

Illustrated notes

Levels and vault maps discovered:
D:1:      mrwooster_arrival_statue, layout_basic, basic_ecumenical_altar
D:2:      layout_rooms, serial_shops, shop
D:3:      layout_loops_ring, nicolae_vehumet_radiance
D:4:      layout_loops_corners, serial_shops, shop_fountains, uniq_robin,
          uniq_ijyb, uniq_grinder
D:5:      layout_basic, marbit_many_paths, nicolae_wu_jian_wuxing_cycle,
          xom_butterflies, minmay_temple_entry_gardened_gates, serial_shops,
          nicolae_shop_window_shopping
D:6:      layout_basic, grunt_dithmenos_smoke_and_mirrors, grunt_ministairs_12
D:7:      layout_gridville, enter_ossuary_5
D:8:      layout_basic, david_lair_shrubbed, kennysheep_potato
Temple:   dshaligram_water_room_temple

Skill      XL: |  1  2  3  4  5  6  7  8  9 |
---------------+----------------------------+-----
Spellcasting   | 4 5 6 8 9 |  9.0
Fighting       | 1 2 3 4 |  4.6
Armour         | 3 |  3.0
Dodging        | 4 6 |  6.3
Shields        | 4 |  4.1
Stealth        | |  1.5

Action                   |  1- 3 |  4- 6 |  7- 9 || total
-------------------------+-------+-------+-------++-------
Melee: Dagger            |     9 |     1 |    46 ||    56
       Unarmed           |       |       |     5 ||     5
 Cast: Freeze            |    36 |    10 |       ||    46
       Shock             |    17 |   105 |   277 ||   399
       Frozen Ramparts   |       |    11 |    28 ||    39
       Ozocubu's Armour  |       |       |     5 ||     5
       Hailstorm         |       |       |     3 ||     3
       Teleport Other    |       |       |     2 ||     2
       Spider Form       |       |       |     2 ||     2
  Use: Scroll            |       |     4 |    14 ||    18
       Potion            |       |     1 |       ||     1
 Stab: Sleeping          |     2 |       |       ||     2
Armor: Robe              |    11 |     2 |       ||    13
       Ring mail         |       |     7 |    44 ||    51
Dodge: Dodged            |    22 |    22 |    69 ||   113

Table legend: (Time is in decaauts)
 A = Elapsed time spent in this place.
 B = Non-inter-level travel time spent in this place.
 C = Inter-level travel time spent in this place.
 D = Time resting spent in this place.
 E = Time spent auto-exploring this place.
 F = Levels seen in this place.
 G = Mean time per level.
                   A        B        C        D        E       F      G
               +--------+--------+--------+--------+--------+-----+--------+
         Total |  11441 |  11076 |    365 |   4211 |   5161 |  10 | 1144.1 |
       Dungeon |  10787 |  10446 |    341 |   3943 |   4925 |   8 | 1348.4 |
        Temple |     94 |     70 |     24 |      0 |     69 |   1 |   94.0 |
       Ossuary |    558 |    558 |      0 |    268 |    167 |   1 |  558.0 |
               +--------+--------+--------+--------+--------+-----+--------+

Top non-repeatable levels by time:
     D:1: 1649 daAuts
     D:6: 1633 daAuts
     D:4: 1580 daAuts
     D:3: 1495 daAuts
     D:7: 1469 daAuts
     D:5: 1446 daAuts
     D:2: 1108 daAuts
 Ossuary: 558 daAuts
     D:8: 403 daAuts
  Temple: 94 daAuts
